← All builds
Suicide front / Armada / Factory first / OBSERVED BUILD

Standard suicide front

Armada Suicide front build order · Supreme Isthmus

The role's standard play: bot lab first, Rocketeer/Centurion/Pawn based force pushes into the middle to contest and hold it until T2 arrives.

Usually lab first (63%)

#rush #push · 1370 distinct matches · 134 players · 71% of Armada Suicide front games · team won 59% of 1622 · Recently observed

HOW TO PLAY IT

Key timing: Bot Lab by 0:20

  1. Open with mex and wind, drop Bot Lab immediately.
  2. Push out first "Centurion" as Pond's boost lands.
  3. Send "Rocketeer", "Centurion", "Pawn" mix to contest middle.
  4. Add Dragon's Teeth and Sentries to hold the line.
  5. Get Advanced Metal Extractor up as T2 nears.

Phase by phase

TYPICAL OF ITS 1370 GAMES
  1. 1
  2. 2
  3. 3
PLAY THE OPENING

Follow the example game's first 6:00 step by step: what to build now, what comes next, and where it goes. At 1× it keeps pace with your own game.

  1. 1

    Bot Lab first

    Order
    1. Bot LabBot Lab done ~0:20, middle half 0:20–0:33

    Some games also: mex (36%)

  2. 2

    Bot Lab to 5:00

    Economy
    • Metal Extractor5Mex
    • Wind Turbine4Wind
    Builders
    • Construction Bot3 Con bot
    • Lazarus2 Lazarus
    Army
    • Sentry4 Sentry
    • Rocketeer17 Rocketeer
    • Tick2 Tick
    • Centurion1 Centurion
    Other
    • Radar Tower1 Radar Tower

    Some games also: con turret (35%) · pawn (34%)

    By 5:00 in all: 5 mex · 4 wind

    The example game in this phase · 30 steps
    1. Mex
    2. TickTick
    3. LazarusLazarus
    4. Wind
    5. Construction BotCon bot
    6. PawnPawn ×3
    7. Mex
    8. LazarusLazarus
    9. PawnPawn ×3
    10. TickTick
    11. Construction BotCon bot ×2
    12. Mex
    13. CenturionCenturion
    14. TickTick
    15. RocketeerRocketeer ×3
    16. Wind
    17. RocketeerRocketeer
    18. Mex
    19. RocketeerRocketeer
    20. SentrySentry
    21. RocketeerRocketeer
    22. Wind
    23. Radar TowerRadar Tower
    24. RocketeerRocketeer
    25. Wind
    26. RocketeerRocketeer ×2
    27. Energy storage
    28. RocketeerRocketeer
    29. LazarusLazarus ×2
    30. RocketeerRocketeer ×3
  3. 3

    5:00 to 10:00

    Economy
    • Metal Extractor1Mex
    • Wind Turbine16Wind
    Builders
    • Construction Turret2 Con turret
    • Lazarus2 Lazarus
    • Construction Bot1 Con bot
    Army
    • Sentry1 Sentry
    • Rocketeer8 Rocketeer
    • Pawn1 Pawn

    Some games also: tick (48%) · Radar Tower (46%) · energy storage (46%) · centurion (45%) · Beamer (39%)

    By 10:00 in all: 6 mex · 22 wind · 1 energy storage · 3 con turret

    The example game in this phase · 99 steps
    1. RocketeerRocketeer
    2. Con turret
    3. RocketeerRocketeer ×2
    4. TickTick
    5. RocketeerRocketeer ×4
    6. LazarusLazarus
    7. RocketeerRocketeer ×2
    8. Construction BotCon bot
    9. RocketeerRocketeer
    10. LazarusLazarus ×2
    11. PawnPawn
    12. CenturionCenturion ×2
    13. GauntletGauntletdone 11:18
    14. CenturionCenturion ×2
    15. SentrySentry
    16. LazarusLazarus
    17. RocketeerRocketeer ×3
    18. Construction BotCon bot
    19. PawnPawn ×4
    20. Mex
    21. Construction BotCon bot
    22. LazarusLazarus
    23. Advanced Metal ExtractorT2 mexdone 11:37 · typical 9:37
    24. LazarusLazarus ×3
    25. Mex
    26. LazarusLazarus
    27. TickTick
    28. PawnPawn
    29. Wind
    30. PawnPawn
    31. Wind
    32. BeamerBeamer
    33. PawnPawn
    34. Advanced Metal ExtractorT2 mex
    35. Wind
    36. PawnPawn
    37. BeamerBeamer
    38. PawnPawn
    39. Wind
    40. Construction BotCon bot
    41. Con turret
    42. Wind
    43. Dragon's TeethDragon's Teeth ×3
    44. PawnPawn
    45. Dragon's TeethDragon's Teeth ×2
    46. Wind
    47. Dragon's TeethDragon's Teeth ×2
    48. PawnPawn
    49. Dragon's TeethDragon's Teeth ×3
    50. Wind
    51. PawnPawn
    52. Dragon's TeethDragon's Teeth
    53. Advanced Metal ExtractorT2 mex
    54. Dragon's TeethDragon's Teeth ×2
    55. PawnPawn
    56. Dragon's TeethDragon's Teeth ×2
    57. PawnPawn
    58. Wind
    59. Dragon's TeethDragon's Teeth ×2
    60. PawnPawn
    61. Dragon's TeethDragon's Teeth ×2
    62. PawnPawn
    63. Wind
    64. Dragon's TeethDragon's Teeth ×2
    65. PawnPawn ×2
    66. Wind
    67. Dragon's TeethDragon's Teeth ×3
    68. PawnPawn
    69. Dragon's TeethDragon's Teeth ×5
    70. PawnPawn
    71. Dragon's TeethDragon's Teeth
    72. Wind
    73. Dragon's TeethDragon's Teeth ×2
    74. PawnPawn
    75. Dragon's TeethDragon's Teeth ×2
    76. PawnPawn
    77. Dragon's TeethDragon's Teeth ×2
    78. Wind
    79. PawnPawn ×3
    80. Wind
    81. PawnPawn
    82. Dragon's TeethDragon's Teeth ×3
    83. PawnPawn
    84. Dragon's TeethDragon's Teeth ×2
    85. Advanced Metal ExtractorT2 mex
    86. PawnPawn
    87. Dragon's TeethDragon's Teeth
    88. Wind
    89. Dragon's TeethDragon's Teeth
    90. PawnPawn
    91. Dragon's TeethDragon's Teeth
    92. PawnPawn
    93. Wind
    94. LazarusLazarus
    95. Wind
    96. LazarusLazarus
    97. Wind ×2
    98. PawnPawn
    99. Wind

Counts are medians over the build's games: half of them build more, half fewer. The example game is Xad's (40 OS, 03/10/2026); pick another.

Team trades

IN AT LEAST 30% OF ITS GAMES

You hand over

Nothing regular.

You get

  • Tidal Generator4 Tidal from Pondfirst at 0:10 · in 69% of games
  • Advanced Construction Bot1 T2 con bot from Geo or Techfirst at 7:31 · in 59% of games

How it plays out

Typical game of this build, running totals by minute

Metal produced

010k20k30k
0:005:0010:0015:00

metal

Enemy metal destroyed

05k10k
0:005:0010:0015:00

metal

Own metal lost

05k10k
0:005:0010:0015:00

metal

1622 games.

Show as table
ByMetal produced: This buildEnemy metal destroyed: This buildOwn metal lost: This build
1:0022500
2:0088800
3:002046182106
4:003153660497
5:00424214231017
6:00543423021780
7:00667131742707
8:00792440303620
9:00928547894504
10:001067154195322
11:001222558976059
12:001407665136804
13:001614670297522
14:001797976778330
15:002028882939186
WHAT THE NUMBERS SAY

Standard suicide front play wins slightly more than half its games with fast kills but also fast losses, matching the raw grind of the role.

  • + First kill lands by 2:04 in all games
  • + Metal produced reaches 19882 by 15:00
  • − Own metal lost hits 9208 by 15:00, near metal destroyed of 8172
  • − First unit lost as early as 2:08 in every game
THE EXAMPLE YOU ARE READING

Xad

40.2 OS · 03/10/2026

Open source match ↗

5 received units · includes a constructor
83 metal received · 34839 energy received

Allied construction assistance is unknown. Timings are observations, not a promise of solo reproducibility.

Typical milestones

Bot Lab0:20Middle 50%: 0:20–0:33 · n=1615
Advanced Metal Extractor9:37Middle 50%: 8:42–10:48 · n=1197

Played most by

_X_255games of this buildPlatinumBlonde183games of this buildXad147games of this buildImmort78games of this buildTrapCaT68games of this build